Cogmind - Beta 17.1 @@@ ROGUE MODE // 2026.09.04 @ 13:38:54 Player: sirpanda Result: Destroyed by 1V-92H(R) with Subdweller Laser Performance ------------- Evolutions (0) 0 Regions Visited (3) 600 Robots Destroyed (33) 165 Value Destroyed (650) 650 Prototype IDs (0) 0 Alien Tech Used (0) 0 Bonus (37) 37 TOTAL SCORE: 1452 Bonus ------- Follower Combat Kills 37 Cogmind --------- Core Integrity 0/250 Matter 96/300 Energy 100/100 System Corruption 2% Temperature Cool (6) Movement Treading (160) Location -10/Subcaves Parts ------- > --- POWER (1) -------- (None) > --- PROPULSION (2) --- Light Treads > --- UTILITY (2) ------ Medium Storage Unit Hacking Suite > --- WEAPON (2) ------- Light Cannon > --- INVENTORY (10) --- Subdweller Power Source Light Treads Experimental Sensor Array Targeting Computer ECM Suite Core Shielding Hacking Suite Assault Rifle Peak State ------------ > --- POWER ------------ Ion Engine > --- PROPULSION ------- Light Treads Light Treads > --- UTILITY ---------- Medium Storage Unit Hacking Suite > --- WEAPON ----------- Light Cannon Rocket Launcher > --- INVENTORY -------- Subdweller Power Source Light Treads Experimental Sensor Array Targeting Computer ECM Suite Core Shielding Hacking Suite Assault Rifle Light Cannon [Rating: 12] Favorites ----------- Power Light Ion Engine Engine Light Ion Engine Propulsion Light Treads Treads Light Treads Utility Medium Storage Unit Storage Medium Storage Unit Hackware Hacking Suite Protection Core Shielding Weapon Light Cannon Ballistic Gun Assault Rifle Ballistic Cannon Light Cannon Launcher Grenade Launcher Build | -11 -10 -10 -10 ------- Run | Yrd Mat Min Sub Slots Evolved . | . . . . Power . | . . . . Propulsion . | . . . . Utility . | . . . . Weapon . | . . . . Parts Attached 19 | 6 7 2 4 Power 4 | 1 . 2 1 Engine 4 | 1 . 2 1 Core . | . . . . Reactor . | . . . . Propulsion 5 | 2 2 . 1 Treads 5 | 2 2 . 1 Leg . | . . . . Wheel . | . . . . Hover . | . . . . Flight . | . . . . Utility 4 | 1 3 . . Device . | . . . . Storage 2 | 1 1 . . Processor . | . . . . Hackware 1 | . 1 . . Protection 1 | . 1 . . Artifact . | . . . . Weapon 6 | 2 2 . 2 Energy Gun . | . . . . Energy Cannon . | . . . . Ballistic Gun 2 | 2 . . . Ballistic Cannon 2 | . 1 . 1 Launcher 2 | . 1 . 1 Special Weapon . | . . . . Impact Weapon . | . . . . Slashing Weapon . | . . . . Piercing Weapon . | . . . . Special Melee Weapon . | . . . . Unidentified Prototypes . | . . . . Parts Lost 8 | . . 2 6 Power 3 | . . 1 2 Propulsion 2 | . . . 2 Utility . | . . . . Weapon 3 | . . 1 2 Highest Loss Streak 4 | . . 1 4 To Critical Strikes . | . . . . Average Backups 8 | . 7 9 8 Power . | . 1 . . Propulsion 1 | . 1 2 1 Utility 3 | . 2 4 5 Weapon 2 | . 2 3 1 Tool/Special . | . . . . Unused Backups 6 | . . . 6 Power 1 | . . . 1 Propulsion 1 | . . . 1 Utility 4 | . . . 4 Weapon . | . . . . Tool/Special . | . . . . Average Slot Usage (%) 95 | . 94 96 92 Engine 13 | . 14 14 10 Treads 27 | . 28 28 27 Storage 14 | . 14 14 14 Hackware 9 | . 1 14 14 Protection 2 | . 6 . . Ballistic Cannon 13 | . 13 14 15 Launcher 11 | . 12 10 9 Peak Build Rating 12 | 6 10 11 12 Average Rating 9 | 3 7 10 10 On Entrance 6 | . 6 10 10 Avg Prop Armor Cover (%) . | . . . . Naked Turns . | . . . . Heaviest Build 22 | 13 22 21 22 Greatest Support 40 | 40 40 40 40 Greatest Overweight (x) . | . . . . Average Overweight (x) . | . . . . Largest Inventory Capacity 10 | 8 10 10 10 Average Capacity 9 | 6 9 10 10 Most Carried 10 | 1 10 10 10 Average Carried 8 | . 7 9 8 Final Capacity 10 | 8 10 10 10 Final Carried 10 | 1 10 10 8 Class Distribution -------------------- 100% | Mutant Dominant Class ---------------- Mutant | -10/Materials Mutant | -10/Mines Mutant | -10/Subcaves Resources | -11 -10 -10 -10 ----------- Run | Yrd Mat Min Sub Matter Collected 634 | 232 154 86 162 Remotely . | . . . . Salvage Created 393 | . 293 48 52 Parts 53 | . 35 12 6 Haulers Intercepted . | . . . . Recyclers Shooed . | . . . . Parts Field Recycled . | . . . . Retrieved Matter . | . . . . Parts Self-Destructed 2 | . . . 2 Prevented . | . . . . Parts Restored . | . . . . Kills | -11 -10 -10 -10 ------- Run | Yrd Mat Min Sub Combat Hostiles Destroyed 21 | . 10 7 4 Cannons 7 | . 3 3 1 AOE 14 | . 7 4 3 Classes Destroyed 9 | . 6 1 2 Worker 1 | . . 1 . Builder 2 | . 2 . . Recycler 1 | . 1 . . Operator 3 | . 3 . . Turret 2 | . . . 2 Watcher 3 | . 3 . . Swarmer 13 | . 6 5 2 Grunt 6 | . 4 2 . Subdweller 2 | . . . 2 Best Kill Streak 8 | . 8 3 5 Combat Bots Only 3 | . 3 3 2 Max Kills in Single Turn 2 | . 2 1 2 Gunslinging . | . . . . Exploded 2 | . 2 1 2 Melee . | . . . . Uniques/NPCs Destroyed . | . . . . Combat | -11 -10 -10 -10 -------- Run | Yrd Mat Min Sub Hostile Shots Fired 196 | . 49 27 120 Missed 73 | . 10 12 51 Hits 123 | . 39 15 69 Projectile 123 | . 39 15 69 Critical Strikes 2 | . 1 . 1 Damage Taken 1407 | . 366 257 784 Core 269 | . 47 40 182 Absorbed by Shields . | . . . . Redirected to Shielding 5 | . 5 . . Core Remaining (%) 100 | 100 . . . Volleys Fired 61 | . 32 17 12 Largest 2 | . 2 2 2 Hottest 63 | . 60 60 63 Shots Fired 95 | . 47 27 21 Gun 2 | . 2 . . Cannon 60 | . 31 17 12 Launcher 33 | . 14 10 9 Special . | . . . . Kinetic 62 | . 33 17 12 Thermal . | . . . . Explosive 33 | . 14 10 9 Electromagnetic . | . . . . Robot Hit Streak 9 | . 6 9 3 Robot Miss Streak 4 | . 4 2 3 Penetration Max . | . . . . Secondary Targets . | . . . . Shots Hit Robots 48 | . 22 14 12 Core Hits 45 | . 24 11 10 Critical Kills . | . . . . Critical Parts Destroyed . | . . . . Critical Strikes 1 | . 1 . . Blast 1 | . 1 . . Melee Attacks . | . . . . Impact . | . . . . Slashing . | . . . . Piercing . | . . . . Sneak Attacks . | . . . . Combat Hostiles . | . . . . Follow-up Attacks . | . . . . Damage Inflicted 2016 | . 886 534 596 Guns 10 | . 10 . . Cannons 533 | . 228 158 147 Explosions 1414 | . 642 358 414 Melee . | . . . . Ramming 59 | . 6 18 35 Kinetic 543 | . 238 158 147 Thermal . | . . . . Explosive 1414 | . 642 358 414 Electromagnetic . | . . . . Impact . | . . . . Slashing . | . . . . Piercing . | . . . . Highest Corruption 2 | . 2 2 2 Average Corruption 2 | . 2 2 2 Corruption Purged . | . . . . Corruption Blocked . | . . . . Effects 15 | . . 13 2 Message Errors 5 | . . 4 1 Matter Fused 2 | . . 2 . Energy Discharges 2 | . . 2 . Data Loss (minor) 3 | . . 3 . Misfires 3 | . . 2 1 Overload Shots . | . . . . Overflow Damage 32 | . 19 8 5 Projectiles . | . . . . Explosions 32 | . 19 8 5 Melee . | . . . . Knockbacks 7 | . 2 3 2 Impact 1 | . . . 1 Kinetic 6 | . 2 3 1 Secondary . | . . . . Self-Inflicted Damage 195 | . 28 118 49 Shots 7 | . 2 4 1 Rammed 30 | . . 8 22 Targets Rammed 32 | . 1 9 22 Kicked . | . . . . Crushed 2 | . 1 1 . Highest Temperature 27 | . 18 27 . Average Temperature 12 | . 9 17 . Received Heat Transfer 402 | . 72 42 288 Siege Activations . | . . . . Martial Activations . | . . . . Shielding Activations . | . . . . Robots Disrupted . | . . . . Combat Hostiles . | . . . . Robots Corrupted . | . . . . Combat Hostiles . | . . . . Parts Fried . | . . . . Impact Corruptions . | . . . . Robots Melted . | . . . . Combat Hostiles . | . . . . Parts Melted 1 | . . . 1 Heat Transferred . | . . . . Parts Sabotaged . | . . . . Parts Stolen . | . . . . Parts Stripped . | . . . . Power Chain Reactions . | . . . . Alert | -11 -10 -10 -10 ------- Run | Yrd Mat Min Sub Maximum Alert Level 1 | . 1 . . Low Security (%) 87 | 100 68 100 . Level 1 12 | . 31 . . Level 2 . | . . . . Level 3 . | . . . . Level 4 . | . . . . Level 5 . | . . . . High Security . | . . . . Max Security . | . . . . Peak Influence 284 | . 284 109 . Initial 70 | . . 70 . Average 68 | . 118 35 . Influence Increases 963 | . 475 249 239 Destroy 0b10 Robot/C 440 | . 200 140 100 Destroy 0b10 Robot/NC 50 | . 45 5 . Destroy Leader 86 | . 56 30 . Allied During Kill 4 | . . . 4 Successful Hack 6 | . 6 . . Disable Machine 75 | . 75 . . Destroy Structure 152 | . 93 59 . Lose Combat Pursuer 150 | . . 15 135 Influence Decreases 954 | . 292 432 230 Entered New Map 113 | . . 113 . Time Decay 711 | . 292 299 120 Lost Part 80 | . . 20 60 Lost Ally 50 | . . . 50 Squads Dispatched 3 | . 3 . . Investigation . | . . . . Extermination . | . . . . Reinforcement 3 | . 3 . . Assault . | . . . . Garrison . | . . . . Intercept . | . . . . Searches Triggered . | . . . . Construction Impeded . | . . . . Haulers Reinforced . | . . . . Active Scanning Responses . | . . . . Cargo Convoy Interrupts . | . . . . Stealth | -11 -10 -10 -10 --------- Run | Yrd Mat Min Sub Distress Signals 1 | . 1 . . Communications Jammed . | . . . . Distress Signals . | . . . . Times Spotted 39 | . 17 7 15 Peak Tracking Total 6 | . 3 3 6 Tactical Retreats 5 | . . 1 4 Traps | -11 -10 -10 -10 ------- Run | Yrd Mat Min Sub Traps Triggered 1 | . 1 . . Indirectly . | . . . . Trap Hack Attempts . | . . . . Triggered . | . . . . Disarmed . | . . . . Reprogrammed . | . . . . Reused . | . . . . Traps Extracted . | . . . . Installed . | . . . . Triggered . | . . . . Machines | -11 -10 -10 -10 ---------- Run | Yrd Mat Min Sub Machines Disabled 9 | . 5 . 4 Max in Single Turn 2 | . 1 . 2 Machines Repaired . | . . . . Machines Dismantled . | . . . . Machines Sabotaged . | . . . . Overloaded Fab Kills . | . . . . Hacking | -11 -10 -10 -10 --------- Run | Yrd Mat Min Sub Machines Accessed 2 | . 2 . . Terminals 2 | . 2 . . Fabricators . | . . . . Repair Stations . | . . . . Recycling Units . | . . . . Scanalyzers . | . . . . Garrison Access . | . . . . Total Hacks 4 | . 4 . . Successful 1 | . 1 . . Failed 3 | . 3 . . Catastrophic 2 | . 2 . . Database Lockouts . | . . . . Manual 4 | . 4 . . Terminals 4 | . 4 . . Fabricators . | . . . . Repair Stations . | . . . . Recycling Units . | . . . . Scanalyzers . | . . . . Garrison Access . | . . . . Terminal Hacks 1 | . 1 . . Branch Access Points 1 | . 1 . . Fabricator Hacks . | . . . . Repair Station Hacks . | . . . . Recycling Unit Hacks . | . . . . Scanalyzer . | . . . . Garrison Access Hacks . | . . . . Unauthorized Hacks . | . . . . Terminals . | . . . . Fabricators . | . . . . Repair Stations . | . . . . Recycling Units . | . . . . Scanalyzers . | . . . . Garrison Access . | . . . . Data Cores Recovered . | . . . . Used . | . . . . Hacking Detections 2 | . 2 . . Full Trace Events . | . . . . Feedback Events . | . . . . Feedback Blocked . | . . . . Robot Schematics Acquired . | . . . . Robots Built . | . . . . Authchips . | . . . . Time . | . . . . Total Robot Build Rating . | . . . . Part Schematics Acquired . | . . . . Parts Built . | . . . . Authchips . | . . . . Time . | . . . . Total Part Build Rating . | . . . . Part Studies Acquired . | . . . . Parts Repaired . | . . . . Time . | . . . . Parts Recycled . | . . . . Recycled Matter . | . . . . Retrieved Matter . | . . . . Retrieved Components . | . . . . Parts Scanalyzed . | . . . . Part Schematics Acquired . | . . . . Parts Damaged . | . . . . Bothacking | -11 -10 -10 -10 ------------ Run | Yrd Mat Min Sub Used RIF Installer . | . . . . Robots Hacked . | . . . . Non-combat . | . . . . Combat . | . . . . Robot Hacks Applied . | . . . . Relay Couplers Released . | . . . . Fabnet Peak Effective % . | . . . . Robots Rewired . | . . . . Allies Hacked . | . . . . Hacks Repelled . | . . . . Allies | -11 -10 -10 -10 -------- Run | Yrd Mat Min Sub Total Allies 3 | . . 3 . Largest Group 3 | . . 3 3 Highest-Rated Group 40 | . . 40 40 Highest-Rated Ally 16 | . . 16 16 Total Orders . | . . . . Ally Attacks 14 | . . . 14 Total Damage 147 | . . . 147 Kills 2 | . . . 2 Allies Corrupted . | . . . . Allies Melted . | . . . . Intel | -11 -10 -10 -10 ------- Run | Yrd Mat Min Sub Active Infowar (turns) . | . . . . Robot Analysis Total . | . . . . Derelict Logs Recovered . | . . . . Drone Launches . | . . . . Drone Recoveries . | . . . . Exploration | -11 -10 -10 -10 ------------- Run | Yrd Mat Min Sub Turns Passed 2107 | 85 775 1004 243 Spaces Moved 1160 | 49 418 590 103 Core 2 | 2 . . . Treads 1158 | 47 418 590 103 Legs . | . . . . Wheels . | . . . . Hover . | . . . . Flight . | . . . . Fastest Speed 50 | 50 160 160 160 Average Speed 159 | 155 160 160 160 Slowest Speed 160 | 160 160 160 160 Overloaded Moves . | . . . . Propulsion Burnouts . | . . . . Robots Hopped . | . . . . Potential Cave-ins . | . . . . Cave-ins Triggered . | . . . . Exploration Rate (%) 37 | 4 55 86 6 Regions Visited 3 Branch Regions 2 Pre-discovered Areas 1 | . . 1 . Known Exits Taken 1 | . 1 . . Unknown Exits Taken 2 | 1 . 1 . Scrap Searched 1 | . . 1 . Spaces Dug . | . . . . Terrain Destroyed 251 | . 100 95 56 Melee . | . . . . Projectile 1 | . . 1 . AOE 250 | . 100 94 56 Terrain Rammed . | . . . . Walls Destroyed . | . . . . Machines Disabled . | . . . . Actions | -11 -10 -10 -10 --------- Run | Yrd Mat Min Sub Total 1300 | 55 475 621 149 Wait 11 | . 4 . 7 Move 1157 | 48 417 589 103 Hop . | . . . . Pick Up 15 | 1 11 2 1 Fast Attach 9 | 6 2 . 1 Attach 4 | . . 1 3 Detach . | . . . . Swap 6 | . 5 1 . Drop 5 | . 3 2 . Fire 61 | . 32 17 12 Melee . | . . . . Ram . | . . . . Kick . | . . . . Crush 32 | . 1 9 22 Escape Stasis . | . . . . Rewire . | . . . . Trap . | . . . . Miscellaneous . | . . . . Route ------- -11/Scrapyard -10/Materials (discovered 2 exits: [*Mat] / *Min) -10/Mines (discovered 3 exits: [*Mat x2] / [*Sub]) -10/Subcaves (discovered 1 exit: [*Rec]) History --------- Turn | Location | Event 21 | -11/Scrapyard | Discovered new exit (range 16) 86 | -11/Scrapyard | Entered Materials 244 | -10/Materials | Discovered new exit (range 9) 305 | -10/Materials | Build established: Mutant 510 | -10/Materials | Discovered new exit (range 16) 754 | -10/Materials | Identified exit to Mines 861 | -10/Materials | Entered Mines 862 | -10/Mines | Learned location of Storage (-8) 1227 | -10/Mines | Found a damaged Exp. Sensor Array with a note attached 1230 | -10/Mines | Found Prototype Device 1506 | -10/Mines | Received a Rocket Launcher from a helpful Derelict 1527 | -10/Mines | Discovered new exit (range 11) 1777 | -10/Mines | Discovered new exit (range 15) 1809 | -10/Mines | Assisted by bots powering up and referring to "LRC-V3" 1852 | -10/Mines | Discovered new exit (range 3) 1865 | -10/Mines | Entered Subcaves 1865 | -10/Subcaves | Accompanied by 3 allies 1878 | -10/Subcaves | Discovered new exit (range 12) 1906 | -10/Subcaves | Core integrity fell below 50% 1916 | -10/Subcaves | Lost 3 allies 2077 | -10/Subcaves | Core integrity fell below 20% 2108 | -10/Subcaves | Destroyed by 1V-92H(R) with Subdweller Laser Last Messages --------------- JEVM|F28JPT6ZJRY5IC|C>TTT&WL% AQX7 Acquired Sub. Power Source. Subatomizers dissect the Unknown Leg, destroying it. Subatomizers dissect the Lgt. Nuclear Core. Sub. Power Source melted. 77-0BT(R) destroyed. Rocket Launcher destroyed. 1V-92H(R) affixes Scrap Shield Fragment to Scrap Shield. Lgt. Cannon destroyed. Slammed into 1V-92H(R). The unstable cave ceiling collapses. Slammed into 1V-92H(R). Ion Engine destroyed. The unstable cave ceiling collapses. Slammed into 1V-92H(R). Lgt. Treads destroyed. Slammed into 1V-92H(R). 1V-92H(R) knocked back. Map ----- +----------------------------------------------------+ | ?????????????????????????????????????????????????? | | ?????????????????????????????????????????????????? | | ?????????????????????????????????????????????????? | | ?????????????????????????????????????????????????? | | ?????????????????????????????????????????????????? | | ?????????????????????????????????????????????????? | | ?????????????????????????????????????????????????? | | ?????????????????????????##??????????????????????? | | ?????????????????????????? ?????????????????????? | | ??????????????????????????# ???????????????????? | | ??????????????????????????# ###???????????????? | | ??????????????????????????# ???????????????? | | ???????????????????????????# ??????????????? | | ???????????????????????????? ???????????????? | | ??????????????????????????## #####??????????? | | ????????????????????? ???? ## ## ###????????? | | ????????????????????? ???? # < ####??????? | | ????????????????????? #???% # "#??????? | | ????????????????????? ??? "#??????? | | ????????????????????? ?##! # "##?????? | | ?????????????????????? ?# ###????? | | ?????????????????????? ?# ## #????? | | ?????????????????????? ## ## ##????? | | ??????????????????????### #??#### ##?????? | | ?????????????????????## #??##### # ####????? | | ???????????????????### @ ##### # = #????? | | ??????????????????## R # # # & & ####??? | | ?????????????????## * && #! ###? | | ????????????????## = #? | | ????????????????# # # # # #& ##? | | ????????????????# ###### ## # #? | | ????????????????## #?### ### =& # #? | | ?????????????????# #???###### ##? | | ???????????????# ##????????# #? | | ?????????? ######?????????# #? | | ?????????##### ##??????????????## ## ####? | | ?????????????##########????????????????#######???? | | ?????????????????????????????????????????????????? | | ?????????????????????????????????????????????????? | | ?????????????????????????????????????????????????? | | ?????????????????????????????????????????????????? | | ?????????????????????????????????????????????????? | | ?????????????????????????????????????????????????? | | ?????????????????????????????????????????????????? | | ?????????????????????????????????????????????????? | | ?????????????????????????????????????????????????? | | ?????????????????????????????????????????????????? | | ?????????????????????????????????????????????????? | | ?????????????????????????????????????????????????? | | ?????????????????????????????????????????????????? | +----------------------------------------------------+ Best States ------------- Heat Dissipation 25 Energy Generation 10 Energy Capacity 250 Matter Stores 268 Matter Capacity 300 Sight Range 16 Terrain Scan Density 10 Core Shielding 20 Evasion (%) 40 Recoil Reduction 2 Offensive Hacking 10 Item Schematics ----------------- None Robot Schematics ------------------ None Fabricated ------------ Nothing Repaired ---------- Nothing Studied --------- None Alien Tech Used ----------------- None Achievements -------------- None Challenges ------------ None Game ------ Seed HeartPersonalChip Manual? 0 Play Time 00:18:43 Cumulative 18.7 hours Start 2026.09.04 @ 13:22:53 End 2026.09.04 @ 13:38:54 Sessions 1 Manual Loads 0 Difficulty Rogue Special Mode None Game No. 27 Rogue 27 Adventurer 0 Explorer 0 Win Type - Total 0 Types 0/0/0/0/0/0/0/0/0/0 Lore% 22 Gallery% 18 Achievement% 16 Wizard Run 0 Options --------- Layout 1 ASCII 0 Keyboard 0 Movement Arrows Keybinds 0 Fullscreen 1 Font 32/SmallcapsGlow Map View 50x40 Zoom Use 0% Tactical HUD 0 Map Filters NONE Filters NONE Steam 1 RUN: 679f51e8-bb4d-40ff-b4e6-b6aaed6c058b